 Dungeon Crawl Stone Soup version 0.16.1-4-g8e1b745 (webtiles) character file.

194 valak23 the Conjurer (level 5, -5/28 HPs)
             Began as a Tengu Conjurer on Mar 26, 2015.
             Killed by divine providence
             ... invoked by an orc priest
              (14 damage)
             ... on level 3 of the Dungeon.
             The game lasted 00:12:09 (2960 turns).

valak23 the Conjurer (Tengu Conjurer)               Turns: 2960, Time: 00:12:09

Health: -5/28      AC:  5    Str:  9    XL:     5   Next: 73%
Magic:  13/13      EV: 13    Int: 16    God:
Gold:   150        SH:  0    Dex: 14    Spells: 2 memorised, 5 levels left

rFire  . . .     SeeInvis .     f - +3 quarterstaff (chaos)
rCold  . . .     Clarity  +     a - +0 robe
rNeg   . . .     SustAb   .     (no shield)
rPois  .         Gourm    .     (helmet restricted)
rElec  .         Spirit   .     h - +2 cloak
rCorr  .         Warding  .     (no gloves)
rMut   .         Stasis   .     (boots unavailable)
MR     .....                    m - amulet of clarity
Stlth  ++........               (no ring)
                                i - ring of flight

@: not resistant to hostile enchantments, unstealthy
A: able to fly, beak, talons 3
a: Fly, Evoke Flight


You were on level 3 of the Dungeon.
You were hungry.

You visited 1 branch of the dungeon, and saw 3 of its levels.

You collected 150 gold pieces.

Inventory:

Hand weapons
 d - a +0 mace
 f - a +3 quarterstaff of chaos (weapon)
Armour
 a - a +0 robe (worn)
 h - a +2 cloak (worn)
 n - a +1 scale mail of magic resistance
Jewellery
 e - an uncursed amulet of warding
 i - a ring of flight (left hand)
 m - an amulet of clarity (around neck)
Scrolls
 k - a scroll of remove curse
Potions
 g - a potion of magic
 j - a potion of might {unknown}
Books
 c - a book of Conjurations

   Spells                             Type                      Level
   a - Magic Dart                     Conjuration                  1
   b - Searing Ray                    Conjuration                  2
   c - Dazzling Spray                 Conjuration/Hexes            3
   d - Fulminant Prism                Conjuration/Hexes            4
   e - Iskenderun's Mystic Blast      Conjuration                  4
   f - Iskenderun's Battlesphere      Conjuration/Charms           5
Comestibles
 b - a bread ration
 l - a meat ration


   Skills:
 + Level 0.4 Fighting
 + Level 0.2(0.5) Maces & Flails
 + Level 0.7(0.8) Staves
 + Level 2.9 Dodging
 - Level 2.0 Stealth
 * Level 3.0 Spellcasting
 * Level 7.7 Conjurations


You had 5 spell levels left.
You knew the following spells:

 Your Spells              Type           Power        Failure   Level  Hunger
a - Magic Dart            Conj           ####         1%          1    #......
b - Iskenderun's Mystic   Conj           ####....     10%         4    #####..


Dungeon Overview and Level Annotations

Branches:
Dungeon (3/15)

Altars:
Kikubaaqudgha
Makhleb
Okawaru
Trog


Innate Abilities, Weirdness & Mutations

You can fly.
You have a beak for a mouth.
You have claws for feet.


Message History

Casting: Iskenderun's Mystic Blast
Confirm with . or Enter, or press ? or * to list all spells.
Aiming: Iskenderun's Mystic Blast
Press: ? - help, Shift-Dir - straight line, f/p - orc priest
Aim: an orc priest, wielding a hand axe and wearing a ring mail (moderately wounded)
The orb of energy hits the orc priest.
The orc priest is heavily wounded.
The orc priest invokes the aid of Beogh against you.
Something smites you!
The orc priest calls down the wrath of Beogh upon you.
Something smites you!
* * * LOW HITPOINT WARNING * * *
You see here 2 tomahawks.
Drink which item? (? for menu, Esc to quit)
It was a potion of magic.
Magic courses through your body.
You see here 2 tomahawks.
The orc priest mumbles some strange prayers to Beogh against you.
Something smites you!
Ouch! That really hurt!
You die...

###################......#
#.......##..(.........##.#
#.##........#######......#
#.##.##......# ###.####
#.##.##.#...## #.#
##....##.##.## #.#
#..####..##.# #.# #..#
#..##.# #.# ##'##
##'###@## #.# #...#
#...#...## #.## #...#
#...#.(..## ##..# #...#
#...#.(...## ##.#.# #...#
#...#......####....####
#...#
#...#.g....+...........
#...#
#...#..o...####...#####
#...# #...#.....## ##..#
#...# #...#....## ##.#


You could see an orc priest and a hobgoblin.

Vanquished Creatures
  Crazy Yiuf (D:2)
  Ijyb (D:3)
  Terence (D:2)
  4 gnolls (D:2)
  3 adders
  A worm (D:2)
  5 giant geckos
  4 orcs (D:3)
  A ball python (D:1)
  4 bats
  4 giant cockroaches
  3 hobgoblins
  4 jackals (D:3)
  3 kobolds
  5 giant newts
  5 goblins
  6 rats
  A fungus (D:2)
56 creatures vanquished.

Notes
Turn   | Place    | Note
--------------------------------------------------------------
     0 | D:1      | valak23, the Tengu Conjurer, began the quest for the Orb.
     0 | D:1      | Reached XP level 1. HP: 10/10 MP: 3/3
   296 | D:1      | Reached XP level 2. HP: 15/15 MP: 1/5
   753 | D:1      | Reached skill level 6 in Conjurations
   862 | D:2      | Noticed Crazy Yiuf
   873 | D:2      | Killed Crazy Yiuf
   873 | D:2      | Reached XP level 3. HP: 6/19 MP: 1/7
  1013 | D:2      | Found an iron altar of Okawaru.
  1019 | D:2      | Reached XP level 4. HP: 8/24 MP: 6/9
  1024 | D:2      | Found a burning altar of Makhleb.
  1026 | D:2      | Found an ancient bone altar of Kikubaaqudgha.
  1027 | D:2      | Found a bloodstained altar of Trog.
  1298 | D:2      | Reached skill level 7 in Conjurations
  1450 | D:2      | Noticed Terence
  1468 | D:2      | Killed Terence
  2161 | D:2      | Reached XP level 5. HP: 28/28 MP: 4/11
  2376 | D:2      | Learned a level 4 spell: Iskenderun's Mystic Blast
  2629 | D:3      | Noticed Ijyb
  2652 | D:3      | Killed Ijyb
  2960 | D:3      | Killed from afar by an orc priest

Action                   |  1- 3 |  4- 6 || total
-------------------------+-------+-------++-------
Melee: Mace              |    17 |       ||    17
       Quarterstaff      |     7 |    46 ||    53
 Cast: Magic Dart        |    30 |    54 ||    84
       Iskenderun's Myst |       |     6 ||     6
  Use: Scroll            |     1 |     1 ||     2
       Potion            |       |     1 ||     1
 Stab: Distracted        |       |     1 ||     1
  Eat: Bread ration      |     1 |     1 ||     2
